fluena, chaotic female elven Wizard -- -------------------------------------- ---- --.--- |....................................0| --..- |....-- |[----------------#------------------[| ---.... -....-- |.| ... .|.| ...... -....| ---.| -0.... -.|.| ..... -----...| |...| | ..... |.|.| .....- --- ---.--|.--- |*..#.| ...... |.|.| -....| ..| --....||.| |.|0|.| 0.....| |.#.| |....---..-- |.<...||.| |.|.| | .....- -.|.|----- |..........-- --....--.--- |.|.| ...... ..|.|-...-- ...........| --........| |.|.| 0...... ...|.|.....-- .........- ---....|.---|)..| -...-- ... .|.|....>.| --........-- |....|...--[..| .... --|--.|.|......----..........| --.-----......| .... . |.|.....................-- --- |..[.|.| (_..| .. |.|.--..------.........-- --.).|.| ...|. |. |.|.|---- ---........| |.))..| ------------- -------.---------.|.| |.......-- --..[.|o.............oo.....f..*)o[.@.f.#0| -....---- |....-----------#------------#-------.--0| ...--- --.|.....................................| -.-- ----------------------------------------- --- fluena the Thaumaturge Experience level: 8 Strength: 12 Dexterity: 14 Constitution: 16 Intelligence: 13 Wisdom: 11 Charisma: 12 Health: 0(53) Energy: 23(83) AC: 5 Gold: 36 Moves: 3651 Your Inventory: Coins $ - 36 gold pieces Weapons a - a blessed +1 quarterstaff (weapon in hands) b - 7 [uncursed +0] daggers (in quiver) Y - an [uncursed +0] elven dagger Armor o - an [uncursed] +0 pair of jackboots [high] (being worn) H - an [uncursed] +0 studded leather armor (being worn) Potions d - an [uncursed] effervescent potion [of invisibility] Z - an [uncursed] orange potion [of gain energy] Wands e - an [uncursed] wand of striking [0:0] v - an [uncursed] wand of lightning [0:4] I - an uncursed wand of death (0:6) N - an [uncursed] wand of striking [0:6] Q - an [uncursed] wand of digging [0:8] Tools i - an [uncursed] bag [of holding] k - an [uncursed] key [skeleton key] p - an [uncursed +0] pick-axe (alternate weapon; not wielded) B - an [uncursed] tin whistle P - an [uncursed] tin opener V - an [uncursed wax] candle Contents of the bag of holding: 319 gold pieces an uncursed +0 cloak of magic resistance an [uncursed] scroll labeled ELAM EBOW [of flood] an [uncursed] scroll labeled HZLRC KSTSBD MPFNG [of remove curse] a [blessed] scroll labeled LEP GEX VEN ZEA [of confuse monster] an [uncursed] scroll labeled VERR YED HORRE [of teleportation] an uncursed scroll of enchant armor 2 uncursed scrolls of identify an uncursed scroll of light an uncursed spellbook of cure blindness a blessed spellbook of force bolt an uncursed potion of fruit juice an uncursed potion of paralysis an uncursed potion of water an uncursed +1 ring of adornment an uncursed ring of warning an [uncursed] wand of digging [0:6] an uncursed leather drum Spells known in the end: Name Level Category Fail Memory a - force bolt 1 attack 0% [|||||||.] b - cure blindness 2 healing 79% [|||||||.] Your skills at the end: Fighting Skills Weapon Skills quarterstaff [Basic] Spellcasting Skills attack spells [Skilled] enchantment spells [Basic] Final Attributes: You were piously aligned. Hunger level was 100. Your alignment was 28 / 28. Monster difficulty range was 1 - 8. Level difficulty was 8. You were immune to sleep. You saw invisible. You had infravision. You were lucky (1). You are dead. Vanquished creatures: a Grey-elf a quivering blob a black light a Mordor orc 2 Uruk-hai an orc shaman a fog cloud 7 gnome lords a straw golem a floating eye 7 dwarves a homunculus a kobold shaman 6 hill orcs an orc zombie 2 iguanas 3 killer bees 3 hobbits a brown mold a yellow mold 44 gnomes 3 geckos 3 jackals a fox 8 goblins 3 sewer rats 7 grid bugs 4 bats 3 lichens 3 kobold zombies 6 newts 128 creatures vanquished. Voluntary challenges: You used a wielded weapon 61 times. You read items or engraved 254 times. You put on armor 5 times. You never genocided any monsters. You never polymorphed an object. You never changed form. You used no wishes. You wrote Elbereth's name 140 times. You never encountered a bones level. You never used any Sokoban shortcuts. Dungeon overview: The Dungeons of Doom: levels 1 to 6 Level 1 some fountains a long staircase Level 2 (elb) a general store, some fountains Level 3 a general store Level 4 stairs to The Gnomish Mines The Gnomish Mines: levels 5 to 9 Level 5 stairs to The Dungeons of Doom Level 8 <- You were here a temple, a magic chest History has recorded: On T:1 you entered the Dungeons of Doom to retrieve the Amulet of Yendor! On T:143 you reached level 2 of The Dungeons of Doom. On T:298 you advanced to experience level 2. On T:721 you advanced to experience level 3. On T:899 you reached level 3 of The Dungeons of Doom. On T:1056 you reached level 4 of The Dungeons of Doom. On T:1108 you advanced to experience level 4. On T:1473 you reached level 5 of The Dungeons of Doom. On T:1604 you reached level 6 of The Dungeons of Doom. On T:1708 you reached level 1 of The Gnomish Mines. On T:1712 you advanced to experience level 5. On T:1833 you advanced to experience level 6. On T:2388 you reached level 2 of The Gnomish Mines. On T:2465 you advanced to experience level 7. On T:2834 you reached level 3 of The Gnomish Mines. On T:3206 you reached level 4 of The Gnomish Mines. On T:3380 you advanced to experience level 8. On T:3468 you reached level 5 of The Gnomish Mines. Latest messages: You hit the orc shaman! The hill orc zaps a wand of striking! The wand hits the Uruk-hai! The Uruk-hai is killed! The wand hits the Uruk-hai! The wand hits you! The Uruk-hai picks up some gold. The Uruk-hai picks up a crude short sword. The Uruk-hai picks up 17 rocks. [HP-7=16] You add "Elbereth" with your fingers to the writing in the dust. The hill orc zaps a wand of striking! The wand hits the Uruk-hai! The Uruk-hai is killed! The wand hits you! Wizard, your life force is running out. [HP-11=5] The dagger misses the hill orc. The hill orc zaps a wand of striking! The wand hits you! You die... Final status: Goodbye fluena the Wizard... You died in The Gnomish Mines on dungeon level 8 with 6824 points, and 355 pieces of gold, after 3651 moves. You were level 8 with a maximum of 53 hit points when you died.